Workbook

Sheet FTR - Results
G2: Results Tracker: KPI Dashboard | H2: Start Bank (Points) | I2: 100 | J2: Current Bank (Points) | K2: =N39+I2 -> 124.6388 | L2: Total Points Staked | N2: =I39 -> 101
H3: Start Date | I3: 45717 | J3: PnL (Points +/-) | K3: =K2-I2 -> 24.6388 | L3: Return on Investment (ROI) | N3: =K3/N2*100 -> 24.394851
H4: Active Days | I4: =31-3 -> 28 | J4: Bank Growth (%) | K4: =K3/I2*100 -> 24.6388 | L4: Return on Capital (ROC) | N4: =K3/I2*100 -> 24.6388
B6: Day | C6: Date | D6: Comp | E6: Match | F6: Market | G6: Selection | H6: Price | I6: Points | J6: FT Result | K6: W/D/L | L6: Points (+/-) | M6: BF Comm | N6: Total Points
B7: 1 | C7: =I3 -> 45717 | D7: SEA | E7: Napoli v Inter Milan | F7: Match Odds | G7: Inter Milan | H7: 2.6 | I7: 4 | J7: 1-1 | K7: L | L7: =IF(K7="w",(H7-1)*I7,-I7) -> -4 | M7: =IF(K7="w",(L7/100*2),0) -> 0 | N7: =L7-M7 -> -4
B8: 2 | C8: =C7+1 -> 45718 | D8: SEA | E8: Roma v Como | F8: Match Odds | G8: Roma | H8: 2.02 | I8: 4 | J8: 2-1 | K8: W | L8: =IF(K8="w",(H8-1)*I8,-I8) -> 4.08 | M8: =IF(K8="w",(L8/100*2),0) -> 0.0816 | N8: =L8-M8 -> 3.9984
B9: 3 | C9: =C8+1 -> 45719 | D9: SEA | E9: Juventus v Verona | F9: Asian Handicap | G9: Juventus -1.5 | H9: 2.04 | I9: 4 | J9: 2-0 | K9: W | L9: =IF(K9="w",(H9-1)*I9,-I9) -> 4.16 | M9: =IF(K9="w",(L9/100*2),0) -> 0.0832 | N9: =L9-M9 -> 4.0768
B10: 4 | C10: =C9+1 -> 45720 | D10: CHA | E10: Cardiff City v Burnley | F10: Match Odds | G10: Burnley | H10: 1.98 | I10: 4 | J10: 1-2 | K10: W | L10: =IF(K10="w",(H10-1)*I10,-I10) -> 3.92 | M10: =IF(K10="w",(L10/100*2),0) -> 0.0784 | N10: =L10-M10 -> 3.8416
B11: 5 | C11: =C10+1 -> 45721 | D11: UCL | E11: Feyenoord v Inter Milan | F11: O/U 2.5 goals | G11: Under | H11: 2.1 | I11: 3 | J11: 0-2 | K11: W | L11: =IF(K11="w",(H11-1)*I11,-I11) -> 3.3 | M11: =IF(K11="w",(L11/100*2),0) -> 0.066 | N11: =L11-M11 -> 3.234
B12: 6 | C12: =C11+1 -> 45722 | D12: UEL | E12: Roma v Athletic Bilbao | F12: BTTS | G12: Yes | H12: 1.96 | I12: 3 | J12: 2-1 | K12: W | L12: =IF(K12="w",(H12-1)*I12,-I12) -> 2.88 | M12: =IF(K12="w",(L12/100*2),0) -> 0.0576 | N12: =L12-M12 -> 2.8224
B13: 7 | C13: =C12+1 -> 45723 | D13: SEA | E13: Cagliari v Genoa | F13: BTTS | G13: Yes | H13: 2.14 | I13: 4 | J13: 1-1 | K13: W | L13: =IF(K13="w",(H13-1)*I13,-I13) -> 4.56 | M13: =IF(K13="w",(L13/100*2),0) -> 0.0912 | N13: =L13-M13 -> 4.4688
B14: 8 | C14: =C13+1 -> 45724 | D14: PRL | E14: Brentford v Aston Villa | F14: Match Odds | G14: Brentford | H14: 2.3 | I14: 4 | J14: 0-1 | K14: L | L14: =IF(K14="w",(H14-1)*I14,-I14) -> -4 | M14: =IF(K14="w",(L14/100*2),0) -> 0 | N14: =L14-M14 -> -4
B15: 9 | C15: =C14+1 -> 45725 | D15: PRL | E15: Tottenham v Bournemouth | F15: MO & O/U 2.5 goals | G15: Bournemouth/O | H15: 3.3 | I15: 4 | J15: 2-2 | K15: L | L15: =IF(K15="w",(H15-1)*I15,-I15) -> -4 | M15: =IF(K15="w",(L15/100*2),0) -> 0 | N15: =L15-M15 -> -4
B16: 10 | C16: =C15+1 -> 45726 | D16: PRL | E16: West Ham v Newcastle | F16: O/U 2.5 goals | G16: Over | H16: 1.9 | I16: 4 | J16: 0-1 | K16: L | L16: =IF(K16="w",(H16-1)*I16,-I16) -> -4 | M16: =IF(K16="w",(L16/100*2),0) -> 0 | N16: =L16-M16 -> -4
B17: 11 | C17: =C16+1 -> 45727 | D17: CHA | E17: Burnley v WBA | F17: Match Odds | G17: Burnley | H17: 1.95 | I17: 4 | J17: 1-1 | K17: L | L17: =IF(K17="w",(H17-1)*I17,-I17) -> -4 | M17: =IF(K17="w",(L17/100*2),0) -> 0 | N17: =L17-M17 -> -4
B18: 12 | C18: =C17+1 -> 45728 | D18: UCL | E18: Lille v Dortmund | F18: Asian Handicap | G18: Lille 0 | H18: 2.09 | I18: 4 | J18: 1-2 | K18: L | L18: =IF(K18="w",(H18-1)*I18,-I18) -> -4 | M18: =IF(K18="w",(L18/100*2),0) -> 0 | N18: =L18-M18 -> -4
B19: 13 | C19: =C18+1 -> 45729 | D19: UEL | E19: Man United v Real Sociedad | F19: O/U 2.5 goals | G19: Over | H19: 2.5 | I19: 4 | J19: 4-1 | K19: W | L19: =IF(K19="w",(H19-1)*I19,-I19) -> 6 | M19: =IF(K19="w",(L19/100*2),0) -> 0.12 | N19: =L19-M19 -> 5.88
B20: 14 | C20: =C19+1 -> 45730 | D20: SEA | E20: Genoa v Lecce | F20: Match Odds | G20: Genoa | H20: 2.18 | I20: 3 | J20: 2-1 | K20: W | L20: =IF(K20="w",(H20-1)*I20,-I20) -> 3.54 | M20: =IF(K20="w",(L20/100*2),0) -> 0.0708 | N20: =L20-M20 -> 3.4692
F21: MO & O/U 2.5 goals | G21: Genoa / Under | H21: 4 | I21: 1 | K21: L | L21: =IF(K21="w",(H21-1)*I21,-I21) -> -1 | M21: =IF(K21="w",(L21/100*2),0) -> 0 | N21: =L21-M21 -> -1
B22: 15 | C22: =C20+1 -> 45731 | D22: PRL | E22: Bournemouth v Brentford | F22: Asian Handicap | G22: Brentford +0.5 | H22: 2.22 | I22: 4 | J22: 1-2 | K22: W | L22: =IF(K22="w",(H22-1)*I22,-I22) -> 4.88 | M22: =IF(K22="w",(L22/100*2),0) -> 0.0976 | N22: =L22-M22 -> 4.7824
B23: 16 | C23: =C22+1 -> 45732 | D23: PRL | E23: Fulham v Tottenham | F23: Double Chance | G23: Draw or Away | H23: 2.02 | I23: 4 | J23: 2-0 | K23: L | L23: =IF(K23="w",(H23-1)*I23,-I23) -> -4 | M23: =IF(K23="w",(L23/100*2),0) -> 0 | N23: =L23-M23 -> -4
B24: 17 | C24: =C23+1 -> 45733 | D24: SED | E24: Castelon v Deportivo | F24: O/U 2.5 Goals | G24: Over | H24: 1.93 | I24: 4 | J24: 2-2 | K24: W | L24: =IF(K24="w",(H24-1)*I24,-I24) -> 3.72 | M24: =IF(K24="w",(L24/100*2),0) -> 0.0744 | N24: =L24-M24 -> 3.6456
B25: 18 | C25: =C24+1 -> 45734 | D25: No Selection | L25: =IF(K25="w",(H25-1)*I25,-I25) -> 0 | M25: =IF(K25="w",(L25/100*2),0) -> 0 | N25: =L25-M25 -> 0
B26: 19 | C26: =C25+1 -> 45735 | D26: No Selection | L26: =IF(K26="w",(H26-1)*I26,-I26) -> 0 | M26: =IF(K26="w",(L26/100*2),0) -> 0 | N26: =L26-M26 -> 0
B27: 20 | C27: =C26+1 -> 45736 | D27: UWC | E27: Ukraine v Belgium | F27: Double Chance | G27: Home or Draw | H27: 2.18 | I27: 3 | J27: 3-1 | K27: W | L27: =IF(K27="w",(H27-1)*I27,-I27) -> 3.54 | M27: =IF(K27="w",(L27/100*2),0) -> 0.0708 | N27: =L27-M27 -> 3.4692
B28: 21 | C28: =C27+1 -> 45737 | D28: UWC | E28: England v Albania | F28: Asian Handicap | G28: England -2.5 | H28: 2.4 | I28: 3 | J28: 2-0 | K28: L | L28: =IF(K28="w",(H28-1)*I28,-I28) -> -3 | M28: =IF(K28="w",(L28/100*2),0) -> 0 | N28: =L28-M28 -> -3
B29: 22 | C29: =C28+1 -> 45738 | D29: UWC | E29: Czech Republic v Faroe Islands | F29: Asian Handicap | G29: Czech -2 | H29: 1.74 | I29: 3 | J29: 2-1 | K29: L | L29: =IF(K29="w",(H29-1)*I29,-I29) -> -3 | M29: =IF(K29="w",(L29/100*2),0) -> 0 | N29: =L29-M29 -> -3
B30: 23 | C30: =C29+1 -> 45739 | D30: UWC | E30: Belgium v Ukraine | F30: Double Change | G30: Draw or Away | H30: 2.8 | I30: 3 | J30: 3-0 | K30: L | L30: =IF(K30="w",(H30-1)*I30,-I30) -> -3 | M30: =IF(K30="w",(L30/100*2),0) -> 0 | N30: =L30-M30 -> -3
B31: 24 | C31: =C30+1 -> 45740 | D31: UWC | E31: Lithuania v Finland | F31: BTTS | G31: Yes | H31: 2.14 | I31: 4 | J31: 2-2 | K31: W | L31: =IF(K31="w",(H31-1)*I31,-I31) -> 4.56 | M31: =IF(K31="w",(L31/100*2),0) -> 0.0912 | N31: =L31-M31 -> 4.4688
B32: 25 | C32: =C31+1 -> 45741 | D32: UWC | E32: Moldova v Estonia | F32: Match Odds | G32: Moldova | H32: 2.02 | I32: 3 | J32: 2-3 | K32: L | L32: =IF(K32="w",(H32-1)*I32,-I32) -> -3 | M32: =IF(K32="w",(L32/100*2),0) -> 0 | N32: =L32-M32 -> -3
B33: 26 | C33: =C32+1 -> 45742 | D33: No Selection | L33: =IF(K33="w",(H33-1)*I33,-I33) -> 0 | M33: =IF(K33="w",(L33/100*2),0) -> 0 | N33: =L33-M33 -> 0
B34: 27 | C34: =C33+1 -> 45743 | D34: LAL | E34: Barcelona v Osasuna | F34: BTTS | G34: No | H34: 2.22 | I34: 4 | J34: 3-0 | K34: W | L34: =IF(K34="w",(H34-1)*I34,-I34) -> 4.88 | M34: =IF(K34="w",(L34/100*2),0) -> 0.0976 | N34: =L34-M34 -> 4.7824
B35: 28 | C35: =C34+1 -> 45744 | D35: CHA | E35: Sheffield Utd v Coventry City | F35: O/U 2.5 Goals | G35: Over | H35: 2.06 | I35: 4 | J35: 3-1 | K35: W | L35: =IF(K35="w",(H35-1)*I35,-I35) -> 4.24 | M35: =IF(K35="w",(L35/100*2),0) -> 0.0848 | N35: =L35-M35 -> 4.1552
B36: 29 | C36: =C35+1 -> 45745 | D36: FAC | E36: Brighton v Notts Forest | F36: O/U 2.5 Goals | G36: Over | H36: 1.97 | I36: 4 | J36: 0-0 | K36: L | L36: =IF(K36="w",(H36-1)*I36,-I36) -> -4 | M36: =IF(K36="w",(L36/100*2),0) -> 0 | N36: =L36-M36 -> -4
B37: 30 | C37: =C36+1 -> 45746 | D37: SEA | E37: Napoli v AC Milan | F37: Match Odds & BTTS | G37: Napoli / Yes | H37: 4.2 | I37: 4 | J37: 2-1 | K37: W | L37: =IF(K37="w",(H37-1)*I37,-I37) -> 12.8 | M37: =IF(K37="w",(L37/100*2),0) -> 0.256 | N37: =L37-M37 -> 12.544
B38: 31 | C38: =C37+1 -> 45747 | D38: SEA | E38: Lazio v Torino | F38: BTTS | G38: Yes | H38: 2 | I38: 4 | J38: 1-1 | K38: W | L38: =IF(K38="w",(H38-1)*I38,-I38) -> 4 | M38: =IF(K38="w",(L38/100*2),0) -> 0.08 | N38: =L38-M38 -> 3.92
I39: =SUM(I7:I37) -> 101 | J39: Pts Staked | K39: PnL | L39: =SUM(L7:L37) -> 26.06 | M39: =SUM(M7:M37) -> 1.4212 | N39: =L39-M39 -> 24.6388

Sheet FTR - Chart
B2: FOOTBALL TRADING ROOM - MARCH 2025: DAILY RESULTS
B4: Day | C4: Day Points: Profit / Loss | D4: Accumulated Points
B5: 0 | C5: 0 | D5: 0
B6: 1 | C6: ='FTR - Results'!N7 -> -4 | D6: =D5+C6 -> -4
B7: 2 | C7: ='FTR - Results'!N8 -> 3.9984 | D7: =D6+C7 -> -0.0016
B8: 3 | C8: ='FTR - Results'!N9 -> 4.0768 | D8: =D7+C8 -> 4.0752
B9: 4 | C9: ='FTR - Results'!N10 -> 3.8416 | D9: =D8+C9 -> 7.9168
B10: 5 | C10: ='FTR - Results'!N11 -> 3.234 | D10: =D9+C10 -> 11.1508
B11: 6 | C11: ='FTR - Results'!N12 -> 2.8224 | D11: =D10+C11 -> 13.9732
B12: 7 | C12: ='FTR - Results'!N13 -> 4.4688 | D12: =D11+C12 -> 18.442
B13: 8 | C13: ='FTR - Results'!N14 -> -4 | D13: =D12+C13 -> 14.442
B14: 9 | C14: ='FTR - Results'!N15 -> -4 | D14: =D13+C14 -> 10.442
B15: 10 | C15: ='FTR - Results'!N16 -> -4 | D15: =D14+C15 -> 6.442
B16: 11 | C16: ='FTR - Results'!N17 -> -4 | D16: =D15+C16 -> 2.442
B17: 12 | C17: ='FTR - Results'!N18 -> -4 | D17: =D16+C17 -> -1.558
B18: 13 | C18: ='FTR - Results'!N19 -> 5.88 | D18: =D17+C18 -> 4.322
B19: 14 | C19: ='FTR - Results'!N20+'FTR - Results'!N21 -> 2.4692 | D19: =D18+C19 -> 6.7912
B20: 15 | C20: ='FTR - Results'!N22 -> 4.7824 | D20: =D19+C20 -> 11.5736
B21: 16 | C21: ='FTR - Results'!N23 -> -4 | D21: =D20+C21 -> 7.5736
B22: 17 | C22: ='FTR - Results'!N24 -> 3.6456 | D22: =D21+C22 -> 11.2192
B23: 18 | C23: ='FTR - Results'!N25 -> 0 | D23: =D22+C23 -> 11.2192
B24: 19 | C24: ='FTR - Results'!N26 -> 0 | D24: =D23+C24 -> 11.2192
B25: 20 | C25: ='FTR - Results'!N27 -> 3.4692 | D25: =D24+C25 -> 14.6884
B26: 21 | C26: ='FTR - Results'!N28 -> -3 | D26: =D25+C26 -> 11.6884
B27: 22 | C27: ='FTR - Results'!N29 -> -3 | D27: =D26+C27 -> 8.6884
B28: 23 | C28: ='FTR - Results'!N30 -> -3 | D28: =D27+C28 -> 5.6884
B29: 24 | C29: ='FTR - Results'!N31 -> 4.4688 | D29: =D28+C29 -> 10.1572
B30: 25 | C30: ='FTR - Results'!N32 -> -3 | D30: =D29+C30 -> 7.1572
B31: 26 | C31: ='FTR - Results'!N33 -> 0 | D31: =D30+C31 -> 7.1572
... B36: 31 | C36: ='FTR - Results'!N38 -> 3.92 | D36: =D35+C36 -> 28.5588

Sheet PGX5 - Results
G2: Record Tracking & Stake Calculation | H2: Start Bank (£) | I2: 1000 | N2: Current Bank (£) | O2: =O37 -> 1555.6601
H3: Start Date | I3: 45717 | N3: Growth (£) | O3: =O2-I2 -> 555.66015
H4: Days # | I4: 24 | N4: Increase (%) | O4: =SUM(O2-I2)/I2*100 -> 55.566015
B6: Day | C6: Date | D6: Comp | E6: Match | F6: Market | G6: Selection | H6: Price | I6: Stake | J6: Result | K6: W/L/D | L6: Start Bank | M6: PnL | N6: BF Comm. | O6: End Bank
B7: 1 | C7: =I3 -> 45717 | D7: SEA | E7: Lazio v AC Milan | F7: O/U 2.5 goals | G7: Under | H7: 1.81 | I7: =I2/16.5 -> 60.606061 | J7: 0-1 | K7: W | L7: =I2 -> 1000 | M7: =IF(K7="w",(H7-1)*I7,-I7) -> 49.090909 | N7: =IF(K7="w",(M7/100*2),0) -> 0.98181818 | O7: =L7+M7 -> 1049.0909
B8: 2 | C8: =C7+1 -> 45718 | D8: PRL | E8: Luton v Aston Villa | F8: Match Odds | G8: Aston Villa | H8: 1.75 | I8: =O7/16.5 -> 63.581267 | J8: 2-3 | K8: W | L8: =O7 -> 1049.0909 | M8: =IF(K8="w",(H8-1)*I8,-I8) -> 47.68595 | N8: =IF(K8="w",(M8/100*2),0) -> 0.95371901 | O8: =L8+M8 -> 1096.7769
B9: 3 | C9: =C8+1 -> 45719 | D9: PRL | E9: Man City v Man United | F9: O/U 3.5 Goals | G9: Under | H9: 2.2 | I9: =O8/16.5 -> 66.471325 | J9: 3-1 | K9: L | L9: =O8 -> 1096.7769 | M9: =IF(K9="w",(H9-1)*I9,-I9) -> -66.471325 | N9: =IF(K9="w",(M9/100*2),0) -> 0 | O9: =L9+M9 -> 1030.3055
B10: 4 | C10: =C9+1 -> 45720 | D10: SEA | E10: Inter Milan v Genoa | F10: O/U 2.5 goals | G10: Over | H10: 1.8 | I10: =O9/16.5 -> 62.44276 | J10: 2-1 | K10: W | L10: =O9 -> 1030.3055 | M10: =IF(K10="w",(H10-1)*I10,-I10) -> 49.954208 | N10: =IF(K10="w",(M10/100*2),0) -> 0.99908415 | O10: =L10+M10 -> 1080.2597
B11: 5 | C11: =C10+1 -> 45721 | D11: UCL | E11: Bayern Munich v Lazio | F11: O/U 3.5 Goals | G11: Under | H11: 1.7 | I11: =O10/16.5 -> 65.470287 | J11: 3-0 | K11: W | L11: =O10 -> 1080.2597 | M11: =IF(K11="w",(H11-1)*I11,-I11) -> 45.829201 | N11: =IF(K11="w",(M11/100*2),0) -> 0.91658402 | O11: =L11+M11 -> 1126.0889
B12: 6 | C12: =C11+1 -> 45722 | D12: UCL | E12: Real Madrid v RB Leipzig | F12: O/U 3.5 Goals | G12: Under | H12: 1.72 | I12: =O11/16.5 -> 68.247815 | J12: 1-1 | K12: W | L12: =O11 -> 1126.0889 | M12: =IF(K12="w",(H12-1)*I12,-I12) -> 49.138427 | N12: =IF(K12="w",(M12/100*2),0) -> 0.98276853 | O12: =L12+M12 -> 1175.2274
B13: 7 | C13: =C12+1 -> 45723 | D13: UEL | E13: Freiburg v West Ham | F13: Draw No Bet | G13: West Ham | H13: 2.02 | I13: =O12/16.5 -> 71.225901 | J13: 1-0 | K13: L | L13: =O12 -> 1175.2274 | M13: =IF(K13="w",(H13-1)*I13,-I13) -> -71.225901 | N13: =IF(K13="w",(M13/100*2),0) -> 0 | O13: =L13+M13 -> 1104.0015
B14: 8 | C14: =C13+1 -> 45724 | D14: SEA | E14: Napoli v Torino | F14: Draw No Bet | G14: Napoli | H14: 1.58 | I14: =O13/16.5 -> 66.90918 | J14: 1-1 | K14: D | L14: =O13 -> 1104.0015 | M14: 0 | N14: =IF(K14="w",(M14/100*2),0) -> 0 | O14: =L14+M14 -> 1104.0015
B15: 9 | C15: =C14+1 -> 45725 | D15: PRL | E15: Arsenal v Brentford | F15: Asian Handicap | G15: Arsenal -1 | H15: 1.66 | I15: =O14/16.5 -> 66.90918 | J15: 2-1 | K15: D | L15: =O14 -> 1104.0015 | M15: 0 | N15: =IF(K15="w",(M15/100*2),0) -> 0 | O15: =L15+M15 -> 1104.0015
B16: 10 | C16: =C15+1 -> 45726 | D16: PRL | E16: Liverpool v Man City | F16: O/U 3.5 Goals | G16: Under | H16: 1.73 | I16: =O15/16.5 -> 66.90918 | J16: 1-1 | K16: W | L16: =O15 -> 1104.0015 | M16: =IF(K16="w",(H16-1)*I16,-I16) -> 48.843701 | N16: =IF(K16="w",(M16/100*2),0) -> 0.97687403 | O16: =L16+M16 -> 1152.8452
B17: 11 | C17: =C16+1 -> 45727 | D17: PRL | E17: Chelsea v Newcastle | F17: O/U 3.5 Goals | G17: Over | H17: 2.16 | I17: =O16/16.5 -> 69.869404 | J17: 3-2 | K17: W | L17: =O16 -> 1152.8452 | M17: =IF(K17="w",(H17-1)*I17,-I17) -> 81.048509 | N17: =IF(K17="w",(M17/100*2),0) -> 1.6209702 | O17: =L17+M17 -> 1233.8937
B18: 12 | C18: =C17+1 -> 45728 | D18: UCL | E18: Arsenal v Porto | F18: O/U 3.5 Goals | G18: Under | H18: 1.62 | I18: =O17/16.5 -> 74.781435 | J18: 1-0 | K18: W | L18: =O17 -> 1233.8937 | M18: =IF(K18="w",(H18-1)*I18,-I18) -> 46.36449 | N18: =IF(K18="w",(M18/100*2),0) -> 0.9272898 | O18: =L18+M18 -> 1280.2582
B19: 13 | C19: =C18+1 -> 45729 | D19: UCL | E19: Atletico Madrid v Inter Milan | F19: Draw No Bet | G19: Inter Milan | H19: 1.82 | I19: =O18/16.5 -> 77.591404 | J19: 2-1 | K19: L | L19: =O18 -> 1280.2582 | M19: =IF(K19="w",(H19-1)*I19,-I19) -> -77.591404 | N19: =IF(K19="w",(M19/100*2),0) -> 0 | O19: =L19+M19 -> 1202.6668
B20: 14 | C20: =C19+1 -> 45730 | D20: UEL | E20: West Ham v Freiburg | F20: O/U 2.5 goals | G20: Over | H20: 1.9 | I20: =O19/16.5 -> 72.888895 | J20: 5-0 | K20: W | L20: =O19 -> 1202.6668 | M20: =IF(K20="w",(H20-1)*I20,-I20) -> 65.600005 | N20: =IF(K20="w",(M20/100*2),0) -> 1.3120001 | O20: =L20+M20 -> 1268.2668
B21: 15 | C21: =C20+1 -> 45731 | D21: No Selection | I21: 0 | L21: =O20 -> 1268.2668 | M21: =IF(K21="w",(H21-1)*I21,-I21) -> 0 | N21: =IF(K21="w",(M21/100*2),0) -> 0 | O21: =L21+M21 -> 1268.2668
B22: 16 | C22: =C21+1 -> 45732 | D22: PRL | E22: Fulham v Tottenham | F22: O/U 3.5 Goals | G22: Under | H22: 1.8 | I22: =O21/16.5 -> 76.864653 | J22: 3-0 | K22: W | L22: =O21 -> 1268.2668 | M22: =IF(K22="w",(H22-1)*I22,-I22) -> 61.491722 | N22: =IF(K22="w",(M22/100*2),0) -> 1.2298344 | O22: =L22+M22 -> 1329.7585
B23: 17 | C23: =C22+1 -> 45733 | D23: PRL | E23: West Ham v Aston Villa | F23: Asian Handicap | G23: West Ham 0 & +0.5 | H23: 1.71 | I23: =O22/16.5 -> 80.591424 | J23: 1-1 | K23: W | L23: =O22 -> 1329.7585 | M23: =IF(K23="w",(H23-1)*I23,-I23) -> 57.219911 | N23: =IF(K23="w",(M23/100*2),0) -> 1.1443982 | O23: =L23+M23 -> 1386.9784
B24: 18 | C24: =C23+1 -> 45734 | D24: No Selection | I24: 0 | L24: =O23 -> 1386.9784 | M24: =IF(K24="w",(H24-1)*I24,-I24) -> 0 | N24: =IF(K24="w",(M24/100*2),0) -> 0 | O24: =L24+M24 -> 1386.9784
B25: 19 | C25: =C24+1 -> 45735 | D25: No Selection | I25: 0 | L25: =O24 -> 1386.9784 | M25: =IF(K25="w",(H25-1)*I25,-I25) -> 0 | N25: =IF(K25="w",(M25/100*2),0) -> 0 | O25: =L25+M25 -> 1386.9784
B26: 20 | C26: =C25+1 -> 45736 | D26: No Selection | I26: 0 | L26: =O25 -> 1386.9784 | M26: =IF(K26="w",(H26-1)*I26,-I26) -> 0 | N26: =IF(K26="w",(M26/100*2),0) -> 0 | O26: =L26+M26 -> 1386.9784
B27: 21 | C27: =C26+1 -> 45737 | D27: UEC | E27: Bosnia-Heregovina v Ukraine | F27: Match Odds | G27: Ukraine | H27: 2.28 | I27: =O23/10 -> 138.69784 | J27: 1-2 | K27: W | L27: =O26 -> 1386.9784 | M27: =IF(K27="w",(H27-1)*I27,-I27) -> 177.53324 | N27: =IF(K27="w",(M27/100*2),0) -> 3.5506647 | O27: =L27+M27 -> 1564.5116
B28: 22 | C28: =C27+1 -> 45738 | D28: FRI | E28: Netherlands v Scotland | F28: BTTS | G28: Yes | H28: 2.06 | I28: =O27/10 -> 156.45116 | J28: 4-0 | K28: L | L28: =O27 -> 1564.5116 | M28: =IF(K28="w",(H28-1)*I28,-I28) -> -156.45116 | N28: =IF(K28="w",(M28/100*2),0) -> 0 | O28: =L28+M28 -> 1408.0605
B29: 23 | C29: =C28+1 -> 45739 | D29: FRI | E29: England v Brazil | F29: BTTS | G29: Yes | H29: 1.94 | I29: =O28/10 -> 140.80605 | J29: 0-1 | K29: L | L29: =O28 -> 1408.0605 | M29: =IF(K29="w",(H29-1)*I29,-I29) -> -140.80605 | N29: =IF(K29="w",(M29/100*2),0) -> 0 | O29: =L29+M29 -> 1267.2544
B30: 24 | C30: =C29+1 -> 45740 | D30: No Selection | E30: International Break | I30: 0 | L30: =O29 -> 1267.2544 | M30: =IF(K30="w",(H30-1)*I30,-I30) -> 0 | N30: =IF(K30="w",(M30/100*2),0) -> 0 | O30: =L30+M30 -> 1267.2544
B31: 25 | C31: =C30+1 -> 45741 | D31: FRI | E31: Sweden v Albania | F31: Asian Handicap | G31: Sweden -1 | H31: 1.9 | I31: =O29/10 -> 126.72544 | J31: 1-0 | K31: D | L31: =O30 -> 1267.2544 | M31: =IF(K31="w",(H31-1)*I31,-I31) -> -126.72544 | N31: =IF(K31="w",(M31/100*2),0) -> 0 | O31: =L31+M31 -> 1140.529
B32: 26 | C32: =C31+1 -> 45742 | D32: UEC | E32: Ukraine v Iceland | F32: BTTS | G32: Yes | H32: 2.2 | I32: =O31/10 -> 114.0529 | J32: 2-1 | K32: W | L32: =O31 -> 1140.529 | M32: =IF(K32="w",(H32-1)*I32,-I32) -> 136.86348 | N32: =IF(K32="w",(M32/100*2),0) -> 2.7372696 | O32: =L32+M32 -> 1277.3925
B33: 27 | C33: =C32+1 -> 45743 | D33: No Selection | E33: International Break | I33: 0 | L33: =O32 -> 1277.3925 | M33: =IF(K33="w",(H33-1)*I33,-I33) -> 0 | N33: =IF(K33="w",(M33/100*2),0) -> 0 | O33: =L33+M33 -> 1277.3925
B34: 28 | C34: =C33+1 -> 45744 | D34: No Selection | E34: International Break | I34: 0 | L34: =O33 -> 1277.3925 | M34: =IF(K34="w",(H34-1)*I34,-I34) -> 0 | N34: =IF(K34="w",(M34/100*2),0) -> 0 | O34: =L34+M34 -> 1277.3925
B35: 29 | C35: =C34+1 -> 45745 | D35: CHA | E35: Blackburn v Ipswich Town | F35: Draw No Bet | G35: Ipswich | H35: 1.5 | I35: =O32/10 -> 127.73925 | J35: 0-1 | K35: W | L35: =O34 -> 1277.3925 | M35: =IF(K35="w",(H35-1)*I35,-I35) -> 63.869623 | N35: =IF(K35="w",(M35/100*2),0) -> 1.2773925 | O35: =L35+M35 -> 1341.2621
B36: 30 | C36: =C35+1 -> 45746 | D36: PRL | E36: Aston Villa v Wolves | F36: Match Odds | G36: Aston Villa | H36: 1.68 | I36: =O35/10 -> 134.12621 | J36: 2-0 | K36: W | L36: =O35 -> 1341.2621 | M36: =IF(K36="w",(H36-1)*I36,-I36) -> 91.205822 | N36: =IF(K36="w",(M36/100*2),0) -> 1.8241164 | O36: =L36+M36 -> 1432.4679
B37: 31 | C37: =C36+1 -> 45747 | D37: PRL | E37: Manchester City v Arsenal | F37: Double Chance | G37: Draw or Away | H37: 1.86 | I37: =O36/10 -> 143.24679 | J37: 0-0 | K37: W | L37: =O36 -> 1432.4679 | M37: =IF(K37="w",(H37-1)*I37,-I37) -> 123.19224 | N37: =IF(K37="w",(M37/100*2),0) -> 2.4638448 | O37: =L37+M37 -> 1555.6601

Sheet PGX5 - CHART
B2: PRO-GENIE X5 - MARCH 2025: DAILY RESULTS
B4: Day | C4: Profit / Loss (£) | D4: Acc Bank (£)
B5: 0 | C5: 0 | D5: 0
B6: 1 | C6: ='PGX5 - Results'!M7 -> 49.090909 | D6: =D5+C6 -> 49.090909
B7: 2 | C7: ='PGX5 - Results'!M8 -> 47.68595 | D7: =D6+C7 -> 96.77686
B8: 3 | C8: ='PGX5 - Results'!M9 -> -66.471325 | D8: =D7+C8 -> 30.305535
B9: 4 | C9: ='PGX5 - Results'!M10 -> 49.954208 | D9: =D8+C9 -> 80.259742
B10: 5 | C10: ='PGX5 - Results'!M11 -> 45.829201 | D10: =D9+C10 -> 126.08894
B11: 6 | C11: ='PGX5 - Results'!M12 -> 49.138427 | D11: =D10+C11 -> 175.22737
B12: 7 | C12: ='PGX5 - Results'!M13 -> -71.225901 | D12: =D11+C12 -> 104.00147
B13: 8 | C13: ='PGX5 - Results'!M14 -> 0 | D13: =D12+C13 -> 104.00147
B14: 9 | C14: ='PGX5 - Results'!M15 -> 0 | D14: =D13+C14 -> 104.00147
B15: 10 | C15: ='PGX5 - Results'!M16 -> 48.843701 | D15: =D14+C15 -> 152.84517
B16: 11 | C16: ='PGX5 - Results'!M17 -> 81.048509 | D16: =D15+C16 -> 233.89368
B17: 12 | C17: ='PGX5 - Results'!M18 -> 46.36449 | D17: =D16+C17 -> 280.25817
... B36: 31 | C36: ='PGX5 - Results'!M37 -> 123.19224 | D36: =D35+C36 -> 555.66015

Sheet PXCS - Results
E2: Results Tracker: KPI Dashboard | F2: Start Bank (Points) | G2: 50 | H2: End Bank (Points) | I2: =L96+50 -> 70.7277 | J2: Total Points Staked | L2: =G96 -> 29
F3: Start Date | G3: 45717 | H3: PnL (Points +/-) | I3: =I2-G2 -> 20.7277 | J3: Return on Investment (ROI) | L3: =I3/L2*100 -> 71.474828
F4: # Matches | G4: 29 | H4: Bank Growth (%) | I4: =I3/G2*100 -> 41.4554 | J4: Return on Capital (ROC) | L4: =I3/G2*100 -> 41.4554
B6: Date | C6: Comp | D6: Match | E6: PXCS Prediction | F6: Price | G6: Points | H6: FT Result | I6: W/D/L | J6: Points (+/-) | K6: Comm (2%) | L6: Total Points
B8: 45717
B9: =G3 -> 45717 | C9: SEA | D9: Napoli v Inter Milan | E9: 1-1 | F9: 7 | G9: 0.43 | H9: 1-1 | I9: W | J9: =IF(I9="w",(F9-1)*G9,-G9) -> 2.58 | K9: =IF(I9="w",(J9/100*2),0) -> 0.0516 | L9: =J9-K9 -> 2.5284
E10: 0-1 | F10: 8.6 | G10: 0.35 | J10: =IF(I10="w",(F10-1)*G10,-G10) -> -0.35 | K10: =IF(I10="w",(J10/100*2),0) -> 0 | L10: =J10-K10 -> -0.35
E11: 0-2 | F11: 14 | G11: 0.22 | J11: =IF(I11="w",(F11-1)*G11,-G11) -> -0.22 | K11: =IF(I11="w",(J11/100*2),0) -> 0 | L11: =J11-K11 -> -0.22
B12: =B9+1 -> 45718 | C12: SEA | D12: Roma v Como | E12: 2-1 | F12: 10 | G12: 0.42 | H12: 2-1 | I12: W | J12: =IF(I12="w",(F12-1)*G12,-G12) -> 3.78 | K12: =IF(I12="w",(J12/100*2),0) -> 0.0756 | L12: =J12-K12 -> 3.7044
E13: 2-0 | F13: 10.5 | G13: 0.4 | J13: =IF(I13="w",(F13-1)*G13,-G13) -> -0.4 | K13: =IF(I13="w",(J13/100*2),0) -> 0 | L13: =J13-K13 -> -0.4
E14: 3-0 | F14: 22 | G14: 0.19 | J14: =IF(I14="w",(F14-1)*G14,-G14) -> -0.19 | K14: =IF(I14="w",(J14/100*2),0) -> 0 | L14: =J14-K14 -> -0.19
B15: =B12+1 -> 45719 | C15: SEA | D15: Juventus v Verona | E15: 2-0 | F15: 6.8 | G15: 0.46 | H15: 2-0 | I15: W | J15: =IF(I15="w",(F15-1)*G15,-G15) -> 2.668 | K15: =IF(I15="w",(J15/100*2),0) -> 0.05336 | L15: =J15-K15 -> 2.61464
E16: 3-0 | F16: 9.4 | G16: 0.33 | J16: =IF(I16="w",(F16-1)*G16,-G16) -> -0.33 | K16: =IF(I16="w",(J16/100*2),0) -> 0 | L16: =J16-K16 -> -0.33
E17: 3-1 | F17: 14.5 | G17: 0.21 | J17: =IF(I17="w",(F17-1)*G17,-G17) -> -0.21 | K17: =IF(I17="w",(J17/100*2),0) -> 0 | L17: =J17-K17 -> -0.21
B18: =B15+1 -> 45720 | C18: CHA | D18: Cardiff City v Burnley | E18: 1-2 | F18: 10.5 | G18: 0.26 | H18: 1-2 | I18: W | J18: =IF(I18="w",(F18-1)*G18,-G18) -> 2.47 | K18: =IF(I18="w",(J18/100*2),0) -> 0.0494 | L18: =J18-K18 -> 2.4206
E19: 0-1 | F19: 6 | G19: 0.46 | J19: =IF(I19="w",(F19-1)*G19,-G19) -> -0.46 | K19: =IF(I19="w",(J19/100*2),0) -> 0 | L19: =J19-K19 -> -0.46
E20: 0-2 | F20: 9.6 | G20: 0.28 | J20: =IF(I20="w",(F20-1)*G20,-G20) -> -0.28 | K20: =IF(I20="w",(J20/100*2),0) -> 0 | L20: =J20-K20 -> -0.28
B21: =B18+1 -> 45721 | C21: UCL | D21: Feyenoord v Inter Milan | E21: 0-2 | F21: 8.6 | G21: 0.34 | H21: 0-2 | I21: W | J21: =IF(I21="w",(F21-1)*G21,-G21) -> 2.584 | K21: =IF(I21="w",(J21/100*2),0) -> 0.05168 | L21: =J21-K21 -> 2.53232
E22: 0-1 | F22: 8.2 | G22: 0.35 | J22: =IF(I22="w",(F22-1)*G22,-G22) -> -0.35 | K22: =IF(I22="w",(J22/100*2),0) -> 0 | L22: =J22-K22 -> -0.35
E23: 1-1 | F23: 9.2 | G23: 0.31 | J23: =IF(I23="w",(F23-1)*G23,-G23) -> -0.31 | K23: =IF(I23="w",(J23/100*2),0) -> 0 | L23: =J23-K23 -> -0.31
B24: =B21+1 -> 45722 | C24: UEL | D24: Roma v Athletic Bilbao | E24: 2-1 | F24: 11 | G24: 0.29 | H24: 2-1 | I24: W | J24: =IF(I24="w",(F24-1)*G24,-G24) -> 2.9 | K24: =IF(I24="w",(J24/100*2),0) -> 0.058 | L24: =J24-K24 -> 2.842
E25: 1-1 | F25: 7 | G25: 0.46 | J25: =IF(I25="w",(F25-1)*G25,-G25) -> -0.46 | K25: =IF(I25="w",(J25/100*2),0) -> 0 | L25: =J25-K25 -> -0.46
E26: 1-2 | F26: 13 | G26: 0.25 | J26: =IF(I26="w",(F26-1)*G26,-G26) -> -0.25 | K26: =IF(I26="w",(J26/100*2),0) -> 0 | L26: =J26-K26 -> -0.25
B27: =B24+1 -> 45723 | C27: SEA | D27: Cagliari v Genoa | E27: 1-1 | F27: 6.6 | G27: 0.49 | H27: 1-1 | I27: W | J27: =IF(I27="w",(F27-1)*G27,-G27) -> 2.744 | K27: =IF(I27="w",(J27/100*2),0) -> 0.05488 | L27: =J27-K27 -> 2.68912
E28: 2-1 | F28: 11.5 | G28: 0.28 | J28: =IF(I28="w",(F28-1)*G28,-G28) -> -0.28 | K28: =IF(I28="w",(J28/100*2),0) -> 0 | L28: =J28-K28 -> -0.28
E29: 1-2 | F29: 14.5 | G29: 0.22 | J29: =IF(I29="w",(F29-1)*G29,-G29) -> -0.22 | K29: =IF(I29="w",(J29/100*2),0) -> 0 | L29: =J29-K29 -> -0.22
B30: =B27+1 -> 45724 | C30: PRL | D30: Brentford v Aston Villa | E30: 2-1 | F30: 11.5 | G30: 0.4 | H30: 0-1 | I30: L | J30: =IF(I30="w",(F30-1)*G30,-G30) -> -0.4 | K30: =IF(I30="w",(J30/100*2),0) -> 0 | L30: =J30-K30 -> -0.4
E31: 3-1 | F31: 18.5 | G31: 0.25 | J31: =IF(I31="w",(F31-1)*G31,-G31) -> -0.25 | K31: =IF(I31="w",(J31/100*2),0) -> 0 | L31: =J31-K31 -> -0.25
E32: 2-2 | F32: 13 | G32: 0.35 | J32: =IF(I32="w",(F32-1)*G32,-G32) -> -0.35 | K32: =IF(I32="w",(J32/100*2),0) -> 0 | L32: =J32-K32 -> -0.35
B33: =B30+1 -> 45725 | C33: PRL | D33: Tottenham v Bournemouth | E33: 2-2 | F33: 12 | G33: 0.38 | H33: 2-2 | I33: W | J33: =IF(I33="w",(F33-1)*G33,-G33) -> 4.18 | K33: =IF(I33="w",(J33/100*2),0) -> 0.0836 | L33: =J33-K33 -> 4.0964
E34: 1-2 | F34: 11.5 | G34: 0.39 | J34: =IF(I34="w",(F34-1)*G34,-G34) -> -0.39 | K34: =IF(I34="w",(J34/100*2),0) -> 0 | L34: =J34-K34 -> -0.39
E35: 1-3 | F35: 19.5 | G35: 0.23 | J35: =IF(I35="w",(F35-1)*G35,-G35) -> -0.23 | K35: =IF(I35="w",(J35/100*2),0) -> 0 | L35: =J35-K35 -> -0.23
B36: =B33+1 -> 45726 | C36: PRL | D36: West Ham v Newcastle | E36: 1-1 | F36: 7.6 | G36: 0.45 | H36: 0-1 | I36: L | J36: =IF(I36="w",(F36-1)*G36,-G36) -> -0.45 | K36: =IF(I36="w",(J36/100*2),0) -> 0 | L36: =J36-K36 -> -0.45
E37: 2-1 | F37: 14 | G37: 0.24 | J37: =IF(I37="w",(F37-1)*G37,-G37) -> -0.24 | K37: =IF(I37="w",(J37/100*2),0) -> 0 | L37: =J37-K37 -> -0.24
E38: 1-2 | F38: 11 | G38: 0.31 | J38: =IF(I38="w",(F38-1)*G38,-G38) -> -0.31 | K38: =IF(I38="w",(J38/100*2),0) -> 0 | L38: =J38-K38 -> -0.31
B39: =B36+1 -> 45727 | C39: CHA | D39: Burnley v West Brom | E39: 1-0 | F39: 6 | G39: 0.45 | H39: 1-1 | I39: L | J39: =IF(I39="w",(F39-1)*G39,-G39) -> -0.45 | K39: =IF(I39="w",(J39/100*2),0) -> 0 | L39: =J39-K39 -> -0.45
E40: 2-0 | F40: 9.4 | G40: 0.29 | J40: =IF(I40="w",(F40-1)*G40,-G40) -> -0.29 | K40: =IF(I40="w",(J40/100*2),0) -> 0 | L40: =J40-K40 -> -0.29
E41: 2-1 | F41: 10 | G41: 0.27 | J41: =IF(I41="w",(F41-1)*G41,-G41) -> -0.27 | K41: =IF(I41="w",(J41/100*2),0) -> 0 | L41: =J41-K41 -> -0.27
B42: =B39+1 -> 45728 | C42: UCL | D42: Lille v Dortmund | E42: 1-0 | F42: 11 | G42: 0.53 | H42: 1-2 | I42: L | J42: =IF(I42="w",(F42-1)*G42,-G42) -> -0.53 | K42: =IF(I42="w",(J42/100*2),0) -> 0 | L42: =J42-K42 -> -0.53
E43: 2-1 | F43: 12.5 | G43: 0.47 | J43: =IF(I43="w",(F43-1)*G43,-G43) -> -0.47 | K43: =IF(I43="w",(J43/100*2),0) -> 0 | L43: =J43-K43 -> -0.47
B44: =B42+1 -> 45729 | C44: UEL | D44: Man United v R Sociedad | E44: 2-1 | F44: 10.5 | G44: 0.51 | H44: 4-1 | I44: L | J44: =IF(I44="w",(F44-1)*G44,-G44) -> -0.51 | K44: =IF(I44="w",(J44/100*2),0) -> 0 | L44: =J44-K44 -> -0.51
E45: 3-1 | F45: 22 | G45: 0.24 | J45: =IF(I45="w",(F45-1)*G45,-G45) -> -0.24 | K45: =IF(I45="w",(J45/100*2),0) -> 0 | L45: =J45-K45 -> -0.24
E46: 2-2 | F46: 21 | G46: 0.25 | J46: =IF(I46="w",(F46-1)*G46,-G46) -> -0.25 | K46: =IF(I46="w",(J46/100*2),0) -> 0 | L46: =J46-K46 -> -0.25
B47: =B44+1 -> 45730 | C47: SEA | D47: Genoa v Lecce | E47: 1-0 | F47: 6.5 | G47: 0.58 | H47: 2-1 | I47: L | J47: =IF(I47="w",(F47-1)*G47,-G47) -> -0.58 | K47: =IF(I47="w",(J47/100*2),0) -> 0 | L47: =J47-K47 -> -0.58
E48: 2-0 | F48: 9 | G48: 0.42 | J48: =IF(I48="w",(F48-1)*G48,-G48) -> -0.42 | K48: =IF(I48="w",(J48/100*2),0) -> 0 | L48: =J48-K48 -> -0.42
B49: =B47+1 -> 45731 | C49: PRL | D49: Bournemouth v Brentford | E49: 1-2 | F49: 18.5 | G49: 0.29 | H49: 1-2 | I49: W | J49: =IF(I49="w",(F49-1)*G49,-G49) -> 5.075 | K49: =IF(I49="w",(J49/100*2),0) -> 0.1015 | L49: =J49-K49 -> 4.9735
E50: 1-1 | F50: 11 | G50: 0.5 | J50: =IF(I50="w",(F50-1)*G50,-G50) -> -0.5 | K50: =IF(I50="w",(J50/100*2),0) -> 0 | L50: =J50-K50 -> -0.5
E51: 0-1 | F51: 26 | G51: 0.21 | J51: =IF(I51="w",(F51-1)*G51,-G51) -> -0.21 | K51: =IF(I51="w",(J51/100*2),0) -> 0 | L51: =J51-K51 -> -0.21
B52: =B49+1 -> 45732 | C52: PRL | D52: Fulham v Tottenham | E52: 1-1 | F52: 8.8 | G52: 0.46 | H52: 3-0 | I52: L | J52: =IF(I52="w",(F52-1)*G52,-G52) -> -0.46 | K52: =IF(I52="w",(J52/100*2),0) -> 0 | L52: =J52-K52 -> -0.46
E53: 1-2 | F53: 16 | G53: 0.25 | J53: =IF(I53="w",(F53-1)*G53,-G53) -> -0.25 | K53: =IF(I53="w",(J53/100*2),0) -> 0 | L53: =J53-K53 -> -0.25
E54: 2-2 | F54: 14.5 | G54: 0.28 | J54: =IF(I54="w",(F54-1)*G54,-G54) -> -0.28 | K54: =IF(I54="w",(J54/100*2),0) -> 0 | L54: =J54-K54 -> -0.28
B55: =B52+1 -> 45733 | C55: SED | D55: Castellon v Deportivo | E55: 2-2 | F55: 15.5 | G55: 0.27 | H55: 2-2 | I55: W | J55: =IF(I55="w",(F55-1)*G55,-G55) -> 3.915 | K55: =IF(I55="w",(J55/100*2),0) -> 0.0783 | L55: =J55-K55 -> 3.8367
E56: 1-2 | F56: 14 | G56: 0.3 | J56: =IF(I56="w",(F56-1)*G56,-G56) -> -0.3 | K56: =IF(I56="w",(J56/100*2),0) -> 0 | L56: =J56-K56 -> -0.3
E57: 2-1 | F57: 10 | G57: 0.42 | J57: =IF(I57="w",(F57-1)*G57,-G57) -> -0.42 | K57: =IF(I57="w",(J57/100*2),0) -> 0 | L57: =J57-K57 -> -0.42
B58: =B55+1 -> 45734 | D58: No Selection | J58: =IF(I58="w",(F58-1)*G58,-G58) -> 0 | K58: =IF(I58="w",(J58/100*2),0) -> 0 | L58: =J58-K58 -> 0
B59: =B58+1 -> 45735 | D59: No Selection | J59: =IF(I59="w",(F59-1)*G59,-G59) -> 0 | K59: =IF(I59="w",(J59/100*2),0) -> 0 | L59: =J59-K59 -> 0
B60: =B59+1 -> 45736 | C60: UNL | D60: Ukraine v Belgium | E60: 1-1 | F60: 7.6 | G60: 0.53 | H60: 3-1 | I60: L | J60: =IF(I60="w",(F60-1)*G60,-G60) -> -0.53 | K60: =IF(I60="w",(J60/100*2),0) -> 0 | L60: =J60-K60 -> -0.53
E61: 1-0 | F61: 16 | G61: 0.25 | J61: =IF(I61="w",(F61-1)*G61,-G61) -> -0.25 | K61: =IF(I61="w",(J61/100*2),0) -> 0 | L61: =J61-K61 -> -0.25
E62: 2-1 | F62: 18.5 | G62: 0.22 | J62: =IF(I62="w",(F62-1)*G62,-G62) -> -0.22 | K62: =IF(I62="w",(J62/100*2),0) -> 0 | L62: =J62-K62 -> -0.22
B63: =B60+1 -> 45737 | C63: UWC | D63: England v Albania | E63: 3-0 | F63: 6.8 | G63: 0.49 | H63: 2-0 | I63: L | J63: =IF(I63="w",(F63-1)*G63,-G63) -> -0.49 | K63: =IF(I63="w",(J63/100*2),0) -> 0 | L63: =J63-K63 -> -0.49
E64: 4-0 | F64: 10 | G64: 0.33 | J64: =IF(I64="w",(F64-1)*G64,-G64) -> -0.33 | K64: =IF(I64="w",(J64/100*2),0) -> 0 | L64: =J64-K64 -> -0.33
E65: 5-0 | F65: 18 | G65: 0.18 | J65: =IF(I65="w",(F65-1)*G65,-G65) -> -0.18 | K65: =IF(I65="w",(J65/100*2),0) -> 0 | L65: =J65-K65 -> -0.18
B66: =B63+1 -> 45738 | C66: UWC | D66: Czech Republic v Faroe Islands | E66: 2-0 | F66: 6.6 | G66: 0.51 | H66: 2-1 | I66: L | J66: =IF(I66="w",(F66-1)*G66,-G66) -> -0.51 | K66: =IF(I66="w",(J66/100*2),0) -> 0 | L66: =J66-K66 -> -0.51
E67: 3-0 | F67: 6.8 | G67: 0.49 | J67: =IF(I67="w",(F67-1)*G67,-G67) -> -0.49 | K67: =IF(I67="w",(J67/100*2),0) -> 0 | L67: =J67-K67 -> -0.49
B68: =B66+1 -> 45739 | C68: UNL | D68: Belgium v Ukraine | E68: 1-1 | F68: 9.4 | G68: 0.53 | H68: 3-0 | I68: L | J68: =IF(I68="w",(F68-1)*G68,-G68) -> -0.53 | K68: =IF(I68="w",(J68/100*2),0) -> 0 | L68: =J68-K68 -> -0.53
E69: 1-2 | F69: 22 | G69: 0.23 | J69: =IF(I69="w",(F69-1)*G69,-G69) -> -0.23 | K69: =IF(I69="w",(J69/100*2),0) -> 0 | L69: =J69-K69 -> -0.23
E70: 2-2 | F70: 20 | G70: 0.24 | J70: =IF(I70="w",(F70-1)*G70,-G70) -> -0.24 | K70: =IF(I70="w",(J70/100*2),0) -> 0 | L70: =J70-K70 -> -0.24
B71: =B68+1 -> 45740 | C71: UWC | D71: Lithuania v Finland | E71: 1-1 | F71: 6.4 | G71: 0.57 | H71: 2-2 | I71: L | J71: =IF(I71="w",(F71-1)*G71,-G71) -> -0.57 | K71: =IF(I71="w",(J71/100*2),0) -> 0 | L71: =J71-K71 -> -0.57
E72: 1-2 | F72: 11.5 | G72: 0.31 | J72: =IF(I72="w",(F72-1)*G72,-G72) -> -0.31 | K72: =IF(I72="w",(J72/100*2),0) -> 0 | L72: =J72-K72 -> -0.31
E73: 1-3 | F73: 30 | G73: 0.12 | J73: =IF(I73="w",(F73-1)*G73,-G73) -> -0.12 | K73: =IF(I73="w",(J73/100*2),0) -> 0 | L73: =J73-K73 -> -0.12
B74: =B71+1 -> 45741 | C74: UWC | D74: Moldova v Estonia | E74: 1-0 | F74: 6.4 | G74: 0.43 | H74: 2-3 | I74: L | J74: =IF(I74="w",(F74-1)*G74,-G74) -> -0.43 | K74: =IF(I74="w",(J74/100*2),0) -> 0 | L74: =J74-K74 -> -0.43
E75: 2-0 | F75: 9.4 | G75: 0.31 | J75: =IF(I75="w",(F75-1)*G75,-G75) -> -0.31 | K75: =IF(I75="w",(J75/100*2),0) -> 0 | L75: =J75-K75 -> -0.31
E76: 2-1 | F76: 11 | G76: 0.26 | J76: =IF(I76="w",(F76-1)*G76,-G76) -> -0.26 | K76: =IF(I76="w",(J76/100*2),0) -> 0 | L76: =J76-K76 -> -0.26
B77: =B74+1 -> 45742 | D77: No Selection | J77: =IF(I77="w",(F77-1)*G77,-G77) -> 0 | K77: =IF(I77="w",(J77/100*2),0) -> 0 | L77: =J77-K77 -> 0
B78: =B77+1 -> 45743 | C78: LAL | D78: Barcelona v Osasuna | E78: 3-0 | F78: 10.5 | G78: 0.35 | H78: 3-0 | I78: W | J78: =IF(I78="w",(F78-1)*G78,-G78) -> 3.325 | K78: =IF(I78="w",(J78/100*2),0) -> 0.0665 | L78: =J78-K78 -> 3.2585
E79: 2-0 | F79: 9.8 | G79: 0.38 | J79: =IF(I79="w",(F79-1)*G79,-G79) -> -0.38 | K79: =IF(I79="w",(J79/100*2),0) -> 0 | L79: =J79-K79 -> -0.38
E80: 1-0 | F80: 14 | G80: 0.27 | J80: =IF(I80="w",(F80-1)*G80,-G80) -> -0.27 | K80: =IF(I80="w",(J80/100*2),0) -> 0 | L80: =J80-K80 -> -0.27
B81: =B78+1 -> 45744 | C81: CHA | D81: Sheffield Utd v Coventry | E81: 2-1 | F81: 10 | G81: 0.44 | H81: 3-1 | I81: L | J81: =IF(I81="w",(F81-1)*G81,-G81) -> -0.44 | K81: =IF(I81="w",(J81/100*2),0) -> 0 | L81: =J81-K81 -> -0.44
E82: 1=2 | F82: 14.5 | G82: 0.3 | J82: =IF(I82="w",(F82-1)*G82,-G82) -> -0.3 | K82: =IF(I82="w",(J82/100*2),0) -> 0 | L82: =J82-K82 -> -0.3
E83: 2-2 | F83: 17 | G83: 0.26 | J83: =IF(I83="w",(F83-1)*G83,-G83) -> -0.26 | K83: =IF(I83="w",(J83/100*2),0) -> 0 | L83: =J83-K83 -> -0.26
B84: =B81+1 -> 45745 | C84: FAC | D84: Brighton v Notts Forest | E84: 2-1 | F84: 9.8 | G84: 0.51 | H84: 0-0 | I84: L | J84: =IF(I84="w",(F84-1)*G84,-G84) -> -0.51 | K84: =IF(I84="w",(J84/100*2),0) -> 0 | L84: =J84-K84 -> -0.51
E85: 3-1 | F85: 18 | G85: 0.26 | J85: =IF(I85="w",(F85-1)*G85,-G85) -> -0.26 | K85: =IF(I85="w",(J85/100*2),0) -> 0 | L85: =J85-K85 -> -0.26
E86: 2-2 | F86: 20 | G86: 0.23 | J86: =IF(I86="w",(F86-1)*G86,-G86) -> -0.23 | K86: =IF(I86="w",(J86/100*2),0) -> 0 | L86: =J86-K86 -> -0.23
B87: =B84+1 -> 45746 | C87: SEA | D87: Lecce v Roma | E87: 0-1 | F87: 6.6 | G87: 0.33 | H87: 0-1 | I87: W | J87: =IF(I87="w",(F87-1)*G87,-G87) -> 1.848 | K87: =IF(I87="w",(J87/100*2),0) -> 0.03696 | L87: =J87-K87 -> 1.81104
E88: 0-2 | F88: 9 | G88: 0.33 | J88: =IF(I88="w",(F88-1)*G88,-G88) -> -0.33 | K88: =IF(I88="w",(J88/100*2),0) -> 0 | L88: =J88-K88 -> -0.33
E89: 1-2 | F89: 10 | G89: 0.33 | J89: =IF(I89="w",(F89-1)*G89,-G89) -> -0.33 | K89: =IF(I89="w",(J89/100*2),0) -> 0 | L89: =J89-K89 -> -0.33
B90: =B84+1 -> 45746 | C90: SEA | D90: Napoli v AC Milan | E90: 2-1 | F90: 9.8 | G90: 0.48 | H90: 2-1 | I90: W | J90: =IF(I90="w",(F90-1)*G90,-G90) -> 4.224 | K90: =IF(I90="w",(J90/100*2),0) -> 0.08448 | L90: =J90-K90 -> 4.13952
E91: 3-1 | F91: 19 | G91: 0.25 | J91: =IF(I91="w",(F91-1)*G91,-G91) -> -0.25 | K91: =IF(I91="w",(J91/100*2),0) -> 0 | L91: =J91-K91 -> -0.25
E92: 2-2 | F92: 17.5 | G92: 0.27 | J92: =IF(I92="w",(F92-1)*G92,-G92) -> -0.27 | K92: =IF(I92="w",(J92/100*2),0) -> 0 | L92: =J92-K92 -> -0.27
B93: =B90+1 -> 45747 | C93: SEA | D93: Lazio v Torino | E93: 1-1 | F93: 7.4 | G93: 0.48 | H93: 1-1 | I93: W | J93: =IF(I93="w",(F93-1)*G93,-G93) -> 3.072 | K93: =IF(I93="w",(J93/100*2),0) -> 0.06144 | L93: =J93-K93 -> 3.01056
E94: 2-1 | F94: 9.6 | G94: 0.36 | J94: =IF(I94="w",(F94-1)*G94,-G94) -> -0.36 | K94: =IF(I94="w",(J94/100*2),0) -> 0 | L94: =J94-K94 -> -0.36
E95: 2-2 | F95: 19.5 | G95: 0.18 | J95: =IF(I95="w",(F95-1)*G95,-G95) -> -0.18 | K95: =IF(I95="w",(J95/100*2),0) -> 0 | L95: =J95-K95 -> -0.18
E96: Avg. Price | F96: =SUM(F9:F95)/84 -> 11.802381 | G96: =SUM(G9:G95) -> 29 | H96: Pts Staked | I96: PnL | J96: =SUM(J9:J95) -> 21.635 | K96: =SUM(K9:K95) -> 0.9073 | L96: =J96-K96 -> 20.7277

Sheet PXCS - CHART
B2: PR0-XCS - March 2025: DAILY RESULTS
B4: Day | C4: Day Points: Profit / Loss | D4: Bank: Acc Points
B5: 0 | C5: 0 | D5: 0
B6: 1 | C6: =SUM('PXCS - Results'!L9:L11) -> 1.9584 | D6: =C6+D5 -> 1.9584
B7: 2 | C7: =SUM('PXCS - Results'!L12:L14) -> 3.1144 | D7: =C7+D6 -> 5.0728
B8: 3 | C8: =SUM('PXCS - Results'!L15:L17) -> 2.07464 | D8: =C8+D7 -> 7.14744
B9: 4 | C9: =SUM('PXCS - Results'!L18:L20) -> 1.6806 | D9: =C9+D8 -> 8.82804
B10: 5 | C10: =SUM('PXCS - Results'!L21:L23) -> 1.87232 | D10: =C10+D9 -> 10.70036
B11: 6 | C11: =SUM('PXCS - Results'!L24:L26) -> 2.132 | D11: =C11+D10 -> 12.83236
B12: 7 | C12: =SUM('PXCS - Results'!L27:L29) -> 2.18912 | D12: =C12+D11 -> 15.02148
B13: 8 | C13: =SUM('PXCS - Results'!L30:L32) -> -1 | D13: =C13+D12 -> 14.02148
B14: 9 | C14: =SUM('PXCS - Results'!L33:L35) -> 3.4764 | D14: =C14+D13 -> 17.49788
B15: 10 | C15: =SUM('PXCS - Results'!L36:L38) -> -1 | D15: =C15+D14 -> 16.49788
B16: 11 | C16: =SUM('PXCS - Results'!L39:L41) -> -1.01 | D16: =C16+D15 -> 15.48788
B17: 12 | C17: =SUM('PXCS - Results'!L42:L43) -> -1 | D17: =C17+D16 -> 14.48788
B18: 13 | C18: =SUM('PXCS - Results'!L44:L46) -> -1 | D18: =C18+D17 -> 13.48788
B19: 14 | C19: =SUM('PXCS - Results'!L47:L48) -> -1 | D19: =C19+D18 -> 12.48788
B20: 15 | C20: =SUM('PXCS - Results'!L49:L51) -> 4.2635 | D20: =C20+D19 -> 16.75138
B21: 16 | C21: =SUM('PXCS - Results'!L52:L54) -> -0.99 | D21: =C21+D20 -> 15.76138
B22: 17 | C22: =SUM('PXCS - Results'!L55:L57) -> 3.1167 | D22: =C22+D21 -> 18.87808
B23: 18 | C23: =SUM('PXCS - Results'!L58) -> 0 | D23: =C23+D22 -> 18.87808
B24: 19 | C24: =SUM('PXCS - Results'!L59) -> 0 | D24: =C24+D23 -> 18.87808
B25: 20 | C25: =SUM('PXCS - Results'!L60:L62) -> -1 | D25: =C25+D24 -> 17.87808
B26: 21 | C26: =SUM('PXCS - Results'!L63:L65) -> -1 | D26: =C26+D25 -> 16.87808
B27: 22 | C27: =SUM('PXCS - Results'!L66:L67) -> -1 | D27: =C27+D26 -> 15.87808
B28: 23 | C28: =SUM('PXCS - Results'!L68:L70) -> -1 | D28: =C28+D27 -> 14.87808
B29: 24 | C29: =SUM('PXCS - Results'!L71:L73) -> -1 | D29: =C29+D28 -> 13.87808
B30: 25 | C30: =SUM('PXCS - Results'!L74:L76) -> -1 | D30: =C30+D29 -> 12.87808
B31: 26 | C31: =SUM('PXCS - Results'!L77) -> 0 | D31: =C31+D30 -> 12.87808
B32: 27 | C32: =SUM('PXCS - Results'!L78:L80) -> 2.6085 | D32: =C32+D31 -> 15.48658
B33: 28 | C33: =SUM('PXCS - Results'!L81:L83) -> -1 | D33: =C33+D32 -> 14.48658
B34: 29 | C34: =SUM('PXCS - Results'!L84:L86) -> -1 | D34: =C34+D33 -> 13.48658
B35: 30 | C35: =SUM('PXCS - Results'!L87:L92) -> 4.77056 | D35: =C35+D34 -> 18.25714
B36: 31 | C36: =SUM('PXCS - Results'!L93:L95) -> 2.47056 | D36: =C36+D35 -> 20.7277
